 Dungeon Crawl Stone Soup version 0.31-a0-881-ge136f0c47a (webtiles) character file.

Game seed: 17055330551668856765

368 Spaninq the Skirmisher (level 7, -3/44 HPs)
             Began as a Kobold Hunter on Oct 15, 2023.
             Slain by a wyvern (8 damage)
             ... on level 4 of the Dungeon.
             The game lasted 00:15:02 (3722 turns).

Spaninq the Skirmisher (Kobold Hunter)              Turns: 3722, Time: 00:15:03

Health: -3/44      AC:  8    Str:  9    XL:     7   Next: 1%
Magic:  7/7        EV: 13    Int: 10    God:
Gold:   177        SH:  0    Dex: 20    Spells: 6/6 levels left

rFire   . . .        f - +3 flail (holy)
rCold   + . .        (no shield)
rNeg    . . .        r - +2 ring mail {rC+}
rPois   .            (no helmet)
rElec   .            k - +0 cloak
rCorr   .            (no gloves)
SInv    .            (no boots)
Will    .....        (no amulet)
Stlth   ++           (no ring)
HPRegen 0.27/turn    (no ring)
MPRegen 0.10/turn

%: no passive effects
@: no status effects
A: small, no large weapons, nightstalker 3
a: no special abilities


You were on level 4 of the Dungeon.
You visited 1 branch of the dungeon, and saw 4 of its levels.

You collected 177 gold pieces.

Inventory:

Hand Weapons
 a - a +0 shortbow
 f - a +3 flail of holy wrath (weapon)
Armour
 k - a +0 cloak (worn)
 r - a +2 ring mail of cold resistance (worn)
 u - a scarf of repulsion
Jewellery
 v - a ring of fire
Wands
 c - a wand of flame (14)
Scrolls
 b - a scroll of butterflies
 e - a scroll of fog {unknown}
 h - 3 scrolls of identify
 i - a scroll of immolation
 m - a scroll of poison
 n - a scroll of teleportation {unknown}
 o - a scroll of amnesia
 s - a scroll of revelation {unknown}
 t - a scroll of fear {unknown}
Potions
 d - a potion of might {unknown}
 g - 2 potions of curing
 j - a potion of degeneration {unknown}
 l - a potion of invisibility {unknown}
 p - a potion of haste {unknown}
 q - 2 potions of enlightenment
 w - a potion of resistance {unknown}


   Skills:
 + Level 4.6 Fighting
 * Level 8.8 Ranged Weapons
 + Level 0.3 Armour
 - Level 2.4 Dodging
 - Level 1.3 Stealth


You had 6 spell levels left.
You didn't know any spells.
Your spell library contained the following spells:

 Spells                   Type           Power      Damage    Failure   Level
 Summon Small Mammal      Summ           0%         N/A       71%         1
 Call Canine Familiar     Summ           0%         N/A       97%         3
 Stone Arrow              Conj/Erth      0%         3d7       97%         3
 Summon Guardian Golem    Hex/Summ       0%         N/A       97%         3
 Animate Armour           Summ/Erth      0%         N/A       100%        4
 Summon Forest            Summ/Tloc      0%         N/A       100%        5
 Eringya's Noxious Bog    Tmut/Pois      0%         4d6       100%        6
 Summon Hydra             Summ           0%         N/A       100%        7
 Lehudib's Crystal Spear  Conj/Erth      0%         10d2      100%        8


Dungeon Overview and Level Annotations

Branches:
Dungeon (4/15)
 Temple: D:4-7

Altars:

Shops:
D:1 [?[*


Innate Abilities, Weirdness & Mutations

You are small and have problems with some larger weapons.
You are completely attuned to the shadows.


Message History

There is an open door here.
You now have 177 gold pieces (gained 12).
Found a tower shield.
You see here a +0 tower shield.
You open the door.
There is an open door here.
You open the door.
There is an open door here.
You open the door.
There is an open door here.
As you open the door, it creaks loudly!
A wyvern comes into view.
The wyvern hisses angrily.
You hear a shout!
Your +3 flail of holy wrath softly glows with a divine radiance!
f - a +3 flail of holy wrath (weapon)
The wyvern closely misses you.
You hit the wyvern.
The wyvern is lightly wounded.
The wyvern bites you! The wyvern closely misses you.
As you read the scroll labelled EMIEJE XOAHE, it crumbles to dust.
It is a scroll of identify.
q - 2 potions of enlightenment The wyvern hisses menacingly.
The wyvern bites you!
The air fills with toxic fumes!
As you read the scroll labelled SITHEBLUHAU, it crumbles to dust.
It was a scroll of poison.
The wyvern misses you. The wyvern bites you!
You hit the wyvern.
The wyvern is lightly wounded.
The wyvern bites you.
* * * LOW HITPOINT WARNING * * *
The wyvern bites you.
* * * LOW HITPOINT WARNING * * *
Okay, then.
As you read the scroll labelled TATTAWKA VESOA, it crumbles to dust.
It is a scroll of amnesia.
You feel forgetful for a moment.
The wyvern bites you but does no damage.
The wyvern bites you!
You die...

#..##### #..##...
#....... #.......
§§§§§§§ #.......
§§§§§ +....... §§§
#..##... #l####
#..##...
#@§§§######.......
#§§§§§....'.......
#§§§§§....#.......
#§§§§§...######...
#§§§§#...# #...
######...# ####
#.### ###


You could see a wyvern.

Vanquished Creatures
  A phantom (D:3)
  A jelly (D:4)
  Terence (D:3)
  Natasha (thrice) (D:3)
  An orc wizard (D:2)
  6 adders
  A worm (D:3)
  2 dart slugs
  4 orcs
  5 bats
  4 endoplasms
  4 giant cockroaches
  4 goblins
  8 hobgoblins
  4 jackals
  5 quokkas
  10 ball pythons
  9 frilled lizards
  5 kobolds
  3 rats
81 creatures vanquished.

Notes
Turn   | Place    | Note
-------+----------+-------------------------------------------
     0 | D:1      | Spaninq the Kobold Hunter began the quest for the Orb.
     0 | D:1      | Reached XP level 1. HP: 12/12 MP: 1/1
   121 | D:1      | Found Peiwoosk's General Store.
   166 | D:1      | Found Xunollyo's Armour Shop.
   221 | D:1      | Reached XP level 2. HP: 15/18 MP: 2/2
   301 | D:1      | Found a faded altar of an unknown god.
   348 | D:1      | Found Savainn's Armour Shop.
   366 | D:1      | Reached skill level 6 in Ranged Weapons
   393 | D:1      | Found Rutuz's Magic Scroll Shop.
   452 | D:1      | Reached XP level 3. HP: 22/22 MP: 3/3
  1397 | D:2      | Reached XP level 4. HP: 27/28 MP: 4/4
  1893 | D:2      | Reached skill level 7 in Ranged Weapons
  2085 | D:3      | Noticed Terence
  2234 | D:3      | Reached XP level 5. HP: 32/32 MP: 5/5
  2258 | D:3      | Killed Terence
  2355 | D:3      | Noticed Natasha
  2359 | D:3      | Killed Natasha
  2532 | D:3      | Noticed Natasha
  2540 | D:3      | Killed Natasha
  2677 | D:3      | Reached XP level 6. HP: 26/38 MP: 6/6
  2865 | D:3      | Noticed Natasha
  2870 | D:3      | Reached skill level 8 in Ranged Weapons
  2875 | D:3      | Killed Natasha
  3397 | D:4      | Reached XP level 7. HP: 22/44 MP: 7/7
  3716 | D:4      | Noticed a wyvern
  3722 | D:4      | Slain by a wyvern

Illustrated notes

Levels and vault maps discovered:
D:1:      dpeg_arrival_pond, layout_loops_corners,
          hellmonk_ecumenical_altar_blasted, serial_shops,
          nicolae_shop_tiny_statue_garden, nicolae_shop_waterfront,
          nicolae_shop_tiny_waterfront, nicolae_shop_trees, minmay_lizard_king
D:2:      minmay_general_purpose_star, layout_loops_ring
D:3:      layout_basic, minmay_fractal_squares_gapless_5, uniq_natasha,
          uniq_terence
D:4:      layout_gridville

Skill      XL: |  1  2  3  4  5  6 |
---------------+-------------------+-----
Ranged Weapons | 6 7 8 |  8.8
Fighting       | 3 4 |  4.6
Armour         | |  0.3
Dodging        | |  2.4
Stealth        | |  1.3

Action                     |  1- 3 |  4- 6 |  7- 9 || total
---------------------------+-------+-------+-------++-------
  Melee: Quarterstaff      |    32 |       |       ||    32
         Mace              |    29 |    48 |       ||    77
         Punch             |     1 |     2 |       ||     3
         Flail             |       |    53 |     2 ||    55
   Fire: Shortbow          |    58 |    49 |       ||   107
    Use: Potion            |       |     3 |       ||     3
         Scroll            |       |       |     3 ||     3
 Armour: Leather armour    |    39 |    39 |       ||    78
         Ring mail         |       |    45 |     7 ||    52
  Dodge: Dodged            |    73 |    65 |     3 ||   141

Table legend: (Time is in decaauts)
 A = Elapsed time spent in this place.
 B = Non-inter-level travel time spent in this place.
 C = Inter-level travel time spent in this place.
 D = Time resting spent in this place.
 E = Time spent auto-exploring this place.
 F = Levels seen in this place.
 G = Mean time per level.
                   A        B        C        D        E       F      G
               +--------+--------+--------+--------+--------+-----+--------+
         Total |   3780 |   3701 |     79 |     68 |   2993 |   4 |  945.0 |
       Dungeon |   3780 |   3701 |     79 |     68 |   2993 |   4 |  945.0 |
               +--------+--------+--------+--------+--------+-----+--------+

Top non-repeatable levels by time:
     D:3: 1133 daAuts
     D:2: 1114 daAuts
     D:1: 1021 daAuts
     D:4: 510 daAuts
